 Dungeon Crawl Stone Soup version 0.19.5 (webtiles) character file.

23 Kosschaser the Charmwright (level 2, -3/19 HPs)
             Began as a High Elf Skald on Mar 3, 2017.
             Slain by a leopard gecko (5 damage)
             ... on level 2 of the Dungeon.
             The game lasted 00:01:51 (946 turns).

Kosschaser the Charmwright (High Elf Skald)          Turns: 946, Time: 00:01:52

Health: -3/19      AC:  5    Str: 11    XL:     2   Next: 75%
Magic:  6/6        EV:  8    Int: 15    God:
Gold:   48         SH:  6    Dex: 14    Spells: 1 memorised, 5 levels left

rFire  . . .     SeeInvis .     a - +0 falchion
rCold  . . .     Gourm    .     b - +0 leather armour
rNeg   . . .     Faith    .     k - +0 shield
rPois  .         Spirit   .     g - +2 hat
rElec  .         Reflect  .     (no cloak)
rCorr  .         Harm     .     (no gloves)
MR     .....                    (no boots)
Stlth  +.........               (no amulet)
                                (no ring)
                                (no ring)

@: no status effects
A: no striking features
a: no special abilities


You were on level 2 of the Dungeon.
You were not hungry.

You visited 1 branch of the dungeon, and saw 2 of its levels.

You collected 48 gold pieces.

Inventory:

Hand Weapons
 a - a +0 falchion (weapon)
Armour
 b - a +0 leather armour (worn)
 g - a +2 hat (worn)
 k - a +0 shield (worn)
Jewellery
 f - a cursed -3 ring of evasion {unknown}
Scrolls
 e - a scroll of amnesia {unknown}
 h - 2 scrolls of remove curse {unknown}
 i - 2 scrolls of identify {unknown}
 j - a scroll of enchant weapon {unknown}
Potions
 l - a potion of flight {unknown}
Books
 c - a book of Battle

   Spells                             Type                      Level
   a - Infusion                       Charms                       1
   b - Shroud of Golubria             Charms/Translocation         2
   c - Song of Slaying                Charms                       2
   d - Spectral Weapon                Hexes/Charms                 3
   e - Regeneration                   Charms/Necromancy            3
Comestibles
 d - a bread ration


   Skills:
 + Level 2.1 Fighting
 + Level 2.8 Long Blades
 + Level 1.2 Armour
 + Level 1.1 Dodging
 + Level 2.6 Spellcasting
 + Level 4.2 Charms


You had 5 spell levels left.
You knew the following spells:

 Your Spells              Type           Power        Failure   Level  Hunger
a - Infusion              Chrm           ##..         38%         1    #......


Dungeon Overview and Level Annotations

Branches:
Dungeon (2/15)

Altars:


Message History

You hit the kobold.
You kill the kobold!
The leopard gecko closely misses you. The goblin barely misses you.
The leopard gecko bites you.
Your shield and leather armour prevent you from hitting the goblin.
The goblin hits you but does no damage.
The leopard gecko bites you but does no damage.
The goblin closely misses you.
You miss the goblin. The leopard gecko bites you.
The goblin hits you but does no damage. The leopard gecko bites you.
You hit the goblin.
The goblin is heavily wounded.
The leopard gecko bites you but does no damage.
The goblin barely misses you.
You completely miss the goblin.
The goblin is heavily wounded.
The leopard gecko bites you.
* * * LOW HITPOINT WARNING * * *
You block the goblin's attack. The leopard gecko bites you.
You die...

....#....##
.......... ####
......!<.......
#........#....#
#........#...?.
#.............
##....$)......#
"......@g......
##.....l.#.....
........(# ...
......#.<# #
###.#........g..
#.#####.#...:. #
.# #### .# ..


You could see a leopard gecko and a goblin.

Vanquished Creatures
  An ooze (D:1)
  3 giant cockroaches (D:1)
  3 hobgoblins (D:1)
  4 jackals (D:1)
  A ball python (D:1)
  A frilled lizard (D:1)
  2 goblins (D:1)
  A kobold (D:2)
  A rat (D:1)
17 creatures vanquished.

Vanquished Creatures (others)
  5 toadstools (D:1)
5 creatures vanquished.

Grand Total: 22 creatures vanquished

Notes
Turn   | Place    | Note
-------+----------+-------------------------------------------
     0 | D:1      | Kosschaser the High Elf Skald began the quest for the Orb.
     0 | D:1      | Reached XP level 1. HP: 14/14 MP: 4/4
   279 | D:1      | Reached skill level 4 in Charms
   287 | D:1      | Reached XP level 2. HP: 10/19 MP: 6/6
   701 | D:1      | Reached skill level 1 in Armour
   946 | D:2      | Slain by a leopard gecko

Skill      XL: |  1  2 |
---------------+-------+-----
Charms         | 4 |  4.2
Armour         | 1 |  1.2
Fighting       | |  2.1
Long Blades    | |  2.8
Dodging        | |  1.1
Spellcasting   | |  2.6

Action                   || total
-------------------------++-------
Melee: Falchion          ||    57
 Cast: Infusion          ||     1
 Stab: Sleeping          ||     1
Armor: Leather armour    ||    23
Dodge: Dodged            ||    34
Block: Shield            ||     6
       Rpst.: Falchion   ||     8
